 Dungeon Crawl Stone Soup version 0.30.1-11-g7821555f0a (webtiles) character file.

Game seed: 14792391789710332057

9012 Queen the Thaumaturge (level 11, -6/95 HPs)
             Began as a Purple Draconian Transmuter on Nov 11, 2023.
             Was a Priest of Wu Jian.
             Shot with an arrow by a centaur warrior (16 damage)
             ... on level 10 of the Dungeon on Nov 12, 2023.
             The game lasted 01:00:22 (12879 turns).

Queen the Thaumaturge (DrTm)                       Turns: 12879, Time: 01:00:23

Health: -6/95      AC: 13    Str: 12    XL:     11   Next: 17%
Magic:  23/24      EV: 14    Int: 17    God:    Wu Jian [***...]
Gold:   940        SH:  0    Dex: 13    Spells: 11/28 levels left

rFire   . .          .
                       - Unarmed
rCold   . . .        (no shield)
rNeg    . . .        (body armour unavailable)
rPois   .            (helmet restricted)
rElec   .            r - +2 cloak
rCorr   .            p - +0 pair of gloves
SInv    .            k - +1 pair of boots
Will    +....        (no amulet)
Stlth   +            b - +4 ring of slaying
HPRegen 0.00/turn    v - ring of wizardry
MPRegen 0.19/turn

%: wizardry (x1)
@: short of breath, inhibited regen
A: breathe power, AC +7, unfitting armour, cold-blooded, inhibited regeneration
a: Breathe Dispelling Energy, Renounce Religion, Wall Jump, Serpent's Lash


You were on level 10 of the Dungeon.
You worshipped Wu Jian.
Wu Jian was most pleased with you.
You visited 2 branches of the dungeon, and saw 11 of its levels.
You also visited: Bailey.

You collected 1573 gold pieces.
You spent 633 gold pieces at shops.

Inventory:

Missiles
 g - 5 throwing nets
Armour
 k - a +1 pair of boots (worn)
 p - a +0 pair of gloves (worn)
 r - a +2 cloak (worn)
Jewellery
 b - a +4 ring of slaying (left hand)
 v - a ring of wizardry (right hand)
Wands
 c - a wand of roots (14)
 n - a wand of mindburst (18)
Scrolls
 d - 2 scrolls of blinking
 e - 2 scrolls of enchant weapon
 i - 3 scrolls of fog
 m - 3 scrolls of enchant armour
 o - 5 scrolls of magic mapping {unknown}
 s - 3 scrolls of teleportation
 w - a scroll of identify
 x - a scroll of brand weapon {unknown}
 y - a scroll of poison {unknown}
 D - 2 scrolls of silence {unknown}
 E - a scroll of vulnerability {unknown}
Potions
 a - a potion of lignification
 f - 9 potions of curing
 j - a potion of might
 l - 5 potions of attraction
 q - a potion of brilliance
 t - a potion of mutation {unknown}
 z - a potion of resistance {unknown}
 A - 2 potions of invisibility
 C - a potion of flight


   Skills:
 * Level 8.8 Fighting
 + Level 5.4 Dodging
 * Level 8.7 Unarmed Combat
 - Level 9.0 Spellcasting
 * Level 8.2 Transmutations
 + Level 4.9 Evocations


You had 11 spell levels left.
You knew the following spells:

 Your Spells              Type           Power      Damage    Failure   Level
a - Beastly Appendage     Tmut           70%        N/A       1%          1
b - Wereblood             Tmut           35%        N/A       1%          2
c - Spider Form           Tmut/Pois      21%        N/A       2%          3
d - Ice Form              Ice/Tmut       21%        N/A       7%          4
e - Dragon Form           Tmut           17%        N/A       69%         7

Your spell library contained the following spells:

 Spells                   Type           Power      Damage    Failure   Level
 Ignite Poison            Fire/Tmut/Pois 17%        N/A       3%          3
 Blade Hands              Tmut           17%        N/A       3%          5
 Magic Dart               Conj           28%        1d4       4%          1
 Shock                    Conj/Air       28%        1d4       4%          1
 Call Imp                 Summ           14%        N/A       6%          2
 Lesser Beckoning         Tloc           14%        N/A       6%          2
 Dazzling Flash           Conj/Hex       14%        N/A       12%         3
 Gell's Gravitas          Tloc           7%         N/A       12%         3
 Mephitic Cloud           Conj/Pois/Air  7%         N/A       12%         3
 Swiftness                Air            7%         N/A       12%         3
 Teleport Other           Tloc           7%         N/A       12%         3
 Tukima's Dance           Hex            7%         N/A       12%         3
 Volatile Blastmotes      Fire/Tloc      14%        2d11      12%         3
 Irradiate                Conj/Tmut      10%        3d15      19%         5
 Yara's Violent Unravell  Hex/Tmut       10%        3d6       19%         5
 Airstrike                Air            3%         2d(1-17)  34%         4
 Iskenderun's Mystic Bla  Conj/Tloc      7%         2d4       34%         4
 Passage of Golubria      Tloc           7%         N/A       34%         4
 Sticky Flame             Conj/Fire      7%         2d3       34%         4
 Dispersal                Tloc           3%         N/A       99%         6
 Starburst                Conj/Fire      3%         6d3       99%         6
 Ignition                 Fire           3%         3d4       100%        8


Dungeon Overview and Level Annotations

Branches:
Dungeon (10/15)            Temple (1/1) D:4          Bailey (visited)
   Lair: D:8-11         Orc: D:9-12

Altars:
Ashenzari
Cheibriados
Dithmenos
Elyvilon
Fedhas
Gozag
Hepliaklqana
Kikubaaqudgha
Makhleb
Nemelex Xobeh
Okawaru
Qazlal
Ru
Sif Muna
Trog
Uskayaw
Vehumet
Wu Jian
Xom
Yredelemnul
Zin
The Shining One

Shops:
D:2 *   D:6 ?   D:9 :

Annotations:
D:4 exclusion: 2 downstairs
D:5 exclusion: downstairs
D:6 2 runed translucent doors, Beranek's ghost, novice GrFi
D:8 2 transporters, Peloso's ghost, novice MiFi
D:9 exclusion: 2 downstairs


Innate Abilities, Weirdness & Mutations

You can breathe bolts of dispelling energy.
Your rich purple scales are hard. (AC +7)
You cannot fit into any form of body armour.
You are cold-blooded and may be slowed by cold attacks.
You do not regenerate when monsters are visible.


Message History

* * * LOW HITPOINT WARNING * * *
You are lethally poisoned!
The centaur warrior kicks you but does no damage.
The centaur warrior hits you but does no damage.
You are more poisoned.
The centaur warrior kicks you but does no damage.
Aiming: Breathe Dispelling Energy (3% risk of failure)
Press: ? - help, Shift-Dir - straight line, f - centaur warrior
Aim: a centaur warrior, wielding a +0 morningstar of venom and quivering poisoned darts (blue smoke, heavily wounded, very poisoned, 65% to hit)
Okay, then.
Aiming: Breathe Dispelling Energy (3% risk of failure)
Press: ? - help, Shift-Dir - straight line, f - centaur warrior
Aim: a centaur warrior, wielding a +0 morningstar of venom and quivering poisoned darts (blue smoke, heavily wounded, very poisoned, 65% to hit)
You breathe a bolt of dispelling energy.
The bolt of dispelling energy hits the centaur warrior.
The centaur warrior is heavily wounded.
* * * LOW HITPOINT WARNING * * *
You feel very sick.
The centaur warrior hits you with a +0 morningstar of venom.
* * * LOW HITPOINT WARNING * * *
You are more poisoned.
The centaur warrior kicks you but does no damage.
Casting: Beastly Appendage (safe; 1% risk of failure)
Press: ? - help, Q - select action, (/) - cycle Dir - look around, f - activate
Okay, then.
You feel better.
The centaur warrior hits you but does no damage.
The centaur warrior kicks you but does no damage.
The centaur warrior hits you but does no damage.
You are poisoned.
The centaur warrior kicks you but does no damage.
* * * LOW HITPOINT WARNING * * *
You feel very sick.
The centaur warrior unwields a +0 morningstar of venom.
It stops dripping with poison.
The centaur warrior wields a +0 shortbow.
The centaur warrior shoots an arrow.
The arrow hits you!
* * * LOW HITPOINT WARNING * * *
You feel better.
The centaur warrior shoots an arrow.
The arrow hits you!
You die...

.....######### #.#...##..#.#
........c....# #.#.........#
.............# #.###..H..#.#
#...........# #......#......
#.......>...# #.###.....#.#.#
#........†..###.#.........#...
###..........§#§#.[.##..#.#
### #.....=...#§§§#...#.#...#
############§@#####.###### ##
####### ##§###.....###. .#
......# #c##.......##.#.
..>...# #§#...###÷..#..# .
......# #.#..## ##.c##.#.#
......#### ##....# #[.(...#
.........# #..#..# ##..##.#c#
..##.....# #..#...###...#..##.
.........#
##..##..[....##.#..K


You could see a centaur warrior (very poisoned).

Vanquished Creatures
  A two-headed ogre (D:10)
  An orc high priest (Bailey)
  An orc knight (Bailey)
  A cyclops (D:10)
  A yaktaur (D:10)
  A kobold demonologist (Bailey)
  A komodo dragon (D:10)
  Prince Ribbit (D:6)
  Grinder (D:4)
  Sigmund (D:5)
  2 wyverns
  A vampire (D:10)
  2 steam dragons
  Menkaure (D:5)
  Edmund (D:6)
  A water moccasin (D:5)
  Duvessa (D:7)
  An acid dragon (D:10)
  11 orc warriors (Bailey)
  A sky beast (D:7)
  2 black bears
  An ogre (D:7)
  2 centaurs
  A phantom (D:6)
  4 bullfrogs
  4 kobold brigands
  A scorpion (D:5)
  A wyvern zombie (D:6)
  A wyvern skeleton (D:6)
  8 wights
  Dowan (D:7)
  5 killer bees (D:9)
  7 electric eels (Bailey)
  6 howler monkeys
  A crimson imp (D:7)
  2 bullfrog zombies (D:6)
  A centaur zombie (D:6)
  A lava snake (D:8)
  A jelly (D:6)
  Crazy Yiuf (D:5)
  6 orc priests
  A bullfrog skeleton (D:6)
  4 hounds
  A centaur skeleton (D:6)
  A gnoll bouda (D:6)
  4 sleepcaps (D:5)
  An iguana (D:5)
  2 orc wizards
  A killer bee zombie (D:6)
  2 howler monkey zombies (D:6)
  10 gnolls
  7 adders
  2 white imps
  An ufetubus (D:5)
  A worm (D:5)
  16 orcs
  6 bats
  4 endoplasms
  2 giant cockroaches
  14 goblins
  12 hobgoblins
  3 quokkas
  5 ball pythons
  A frilled lizard (D:2)
  14 kobolds
  A rat (D:1)
205 creatures vanquished.

Notes
Turn   | Place    | Note
-------+----------+-------------------------------------------
     0 | D:1      | Queen the Draconian Transmuter began the quest for the Orb.
     0 | D:1      | Reached XP level 1. HP: 16/16 MP: 3/3
   405 | D:1      | Reached XP level 2. HP: 9/23 MP: 3/5
   806 | D:2      | Found Geaporum's General Store.
   829 | D:2      | Bought a potion of heal wounds for 70 gold pieces
   829 | D:2      | Bought a scroll of identify for 28 gold pieces
   897 | D:2      | Reached XP level 3. HP: 23/29 MP: 4/6
  1152 | D:2      | Found a faded altar of an unknown god.
  1185 | D:2      | Reached XP level 4. HP: 34/36 MP: 7/7
  1246 | D:2      | Learned a level 2 spell: Wereblood
  1250 | D:2      | Learned a level 3 spell: Spider Form
  2338 | D:4      | Noticed a black bear
  2359 | D:4      | Killed a black bear
  2360 | D:4      | Reached skill level 3 in Spellcasting
  2360 | D:4      | Reached XP level 5. HP: 26/44 MP: 1/9
  2464 | D:4      | Learned a level 4 spell: Ice Form
  2644 | D:4      | Found a staircase to the Ecumenical Temple.
  2666 | Temple   | Entered the Ecumenical Temple
  2807 | Temple   | Became a worshipper of the Wu Jian Council
  2839 | D:4      | Noticed Grinder
  2840 | D:4      | Paralysed by Grinder for 5 turns
  2850 | D:4      | Killed Grinder
  2851 | D:4      | Reached XP level 6. HP: 51/51 MP: 9/11
  3494 | D:4      | Identified a scroll of acquirement
  3499 | D:4      | Acquired a +4 ring of slaying
  3527 | D:5      | Entered Level 5 of the Dungeon
  3527 | D:5      | Noticed Menkaure
  3597 | D:5      | Identified the +2 sling "Heukusi" {flame, SInv}
  3598 | D:5      | Found a radiant altar of Vehumet.
  3649 | D:5      | Noticed a water moccasin
  3725 | D:5      | Killed a water moccasin
  3726 | D:5      | Your scales start taking on a rich purple colour.
  3726 | D:5      | Reached skill level 4 in Spellcasting
  3726 | D:5      | Reached XP level 7. HP: 59/59 MP: 10/14
  4235 | D:5      | Killed Menkaure
  4236 | D:5      | Reached skill level 5 in Unarmed Combat
  4236 | D:5      | Reached skill level 5 in Spellcasting
  4274 | D:5      | Noticed Sigmund
  4282 | D:5      | Killed Sigmund
  4283 | D:5      | Reached XP level 8. HP: 67/67 MP: 12/16
  4525 | D:5      | Found a runed translucent door.
  4526 | D:5      | Noticed Crazy Yiuf
  4722 | D:5      | Killed Crazy Yiuf
  4924 | D:5      | Gained mutation: You do not regenerate when monsters are
                  | visible. [mutagenic glow]
  5038 | D:5      | Reached skill level 5 in Fighting
  5154 | D:6      | Reached skill level 5 in Transmutations
  5197 | D:6      | Reached skill level 1 in Evocations
  5200 | D:6      | Reached * piety under Wu Jian
  5202 | D:6      | Found a bloodstained altar of Trog.
  5253 | D:6      | Noticed Prince Ribbit
  5261 | D:6      | Killed Prince Ribbit
  5262 | D:6      | Reached skill level 6 in Spellcasting
  5596 | D:6      | Found a hide-covered altar of Uskayaw.
  5615 | D:6      | Found Ashrion's Magic Scroll Shoppe.
  5636 | D:6      | Bought a scroll of identify for 30 gold pieces
  5636 | D:6      | Bought a scroll of identify for 30 gold pieces
  5636 | D:6      | Bought a scroll of identify for 30 gold pieces
  5636 | D:6      | Bought a scroll of teleportation for 45 gold pieces
  5667 | D:6      | Reached XP level 9. HP: 69/75 MP: 18/18
  5723 | D:6      | Found a runed translucent door.
  5729 | D:6      | Noticed Beranek's ghost (novice GrFi)
  5832 | D:6      | Found a broken altar of Ashenzari.
  5926 | D:6      | Noticed Edmund
  5938 | D:6      | Killed Edmund
  5972 | D:6      | Found a runed translucent door.
  6128 | D:7      | Found a burning altar of Makhleb.
  6468 | D:7      | Found a shimmering blue altar of Sif Muna.
  6485 | D:7      | Reached ** piety under Wu Jian
  6592 | D:7      | Identified the +3 falchion "Uhedohyta" {heavy, rElec rC+
                  | Int+3}
  6630 | D:7      | Found a flagged portal.
  6719 | D:7      | Reached skill level 7 in Spellcasting
  6723 | D:7      | Noticed Duvessa
  6723 | D:7      | Noticed Dowan
  6748 | D:7      | Killed Duvessa
  6831 | Bailey   | Entered a bailey
  7119 | Bailey   | Noticed a kobold demonologist
  7126 | Bailey   | Killed a kobold demonologist
  7207 | Bailey   | Reached XP level 10. HP: 86/86 MP: 16/21
  7333 | Bailey   | Noticed an orc knight
  7347 | Bailey   | Killed an orc knight
  7561 | Bailey   | Found an iron altar of Okawaru.
  7561 | Bailey   | Noticed an orc high priest
  7562 | Bailey   | Noticed a sixfirhy
  7562 | Bailey   | Noticed a soul eater
  7779 | Bailey   | Identified the +8 ring mail "Juweedgh" {Regen+ Str+3}
  7925 | Bailey   | Reached skill level 8 in Spellcasting
  7950 | Bailey   | Killed an orc high priest
  8395 | Bailey   | Found an iron altar of Okawaru.
  9399 | D:7      | Found a burning altar of Makhleb.
  9497 | D:7      | Killed Dowan
  9682 | D:7      | Found a shimmering blue altar of Sif Muna.
 10277 | D:8      | Noticed a moth of wrath
 10337 | D:8      | Reached skill level 5 in Dodging
 10421 | D:8      | Noticed Peloso's ghost (novice MiFi)
 10428 | D:8      | Found a transporter.
 10591 | D:8      | Found a shadowy altar of Dithmenos.
 10591 | D:8      | Found a stormy altar of Qazlal.
 10596 | D:8      | Found a sacrificial altar of Ru.
 11043 | D:8      | Found a transporter.
 11397 | D:9      | Found Ypavobet's Book Emporium.
 11547 | D:9      | Reached *** piety under Wu Jian
 11830 | D:10     | Entered Level 10 of the Dungeon
 11851 | D:10     | Acquired 989 gold pieces
 11875 | D:9      | Bought a book of Transfigurations for 400 gold pieces
 11884 | D:9      | Learned a level 7 spell: Dragon Form
 12033 | D:10     | Noticed a cyclops
 12048 | D:10     | Noticed a two-headed ogre
 12079 | D:10     | Killed a two-headed ogre
 12080 | D:10     | Reached XP level 11. HP: 43/95 MP: 23/23
 12260 | D:10     | Reached skill level 9 in Spellcasting
 12860 | D:10     | Noticed a centaur warrior
 12876 | D:10     | HP: 4/95 [centaur warrior/+0 morningstar of venom (6)]
 12879 | D:10     | Shot with an arrow by a centaur warrior

Illustrated notes

Levels and vault maps discovered:
D:1:      lightli_arrival_statuegarden, layout_basic
D:2:      layout_loops_ring, serial_shops, shop_fountains,
          shapermc_ecumenical_altar_acropolis
D:3:      layout_loops_cross
D:4:      layout_loops_ring, minmay_temple_entry_glass, serial_forest,
          infiniplex_forest_straight_5, infiniplex_forest_straight_2,
          infiniplex_forest_lined_room_2, infiniplex_forest_clump_diagonal,
          guppyfry_early_lair_pool, uniq_grinder
D:5:      layout_loops_ring, nicolae_overflow_crystal_walls, hellmonk_no_cap,
          uniq_sigmund, uniq_crazy_yiuf_cottage, uniq_menkaure
D:6:      layout_cave_pools, trog_hazing_becter, lemuel_round_altar,
          mainiacjoe_overflow_brackets, serial_shops, shop, serial_undead,
          serial_undead_f, serial_undead_e, serial_undead_a, serial_undead_a,
          ebering_ghost_sewer_f, uniq_edmund, uniq_prince_ribbit1
D:7:      layout_basic, makhleb_grotto_becter, nicolae_sif_muna_condensation,
          enter_bailey_2, uniq_duvessa
D:8:      layout_basic, grunt_temple_overflow_open,
          gammafunk_ghost_berserking_beasts, kennysheep_generic_room_6
D:9:      layout_rooms, serial_shops, shop_statue, serial_glass,
          glass_columns_b, glass_columns_c, feat_on_display
D:10:     minmay_the_grid_3x2 [minmay_the_grid_odd_star,
          minmay_the_grid_holed_spiral, minmay_the_grid_empty,
          minmay_the_grid_outer_circle, minmay_the_grid_stretched_grid,
          minmay_the_grid_prize_big_room], layout_basic,
          hangedman_decor_opposing
Temple:   dshaligram_water_room_temple

Skill      XL: |  1  2  3  4  5  6  7  8  9 10 11 |
---------------+----------------------------------+-----
Dodging        | 2 3 4 5 |  5.4
Fighting       | 2 3 4 5 7 8 |  8.8
Unarmed Combat | 4 5 6 7 8 |  8.7
Spellcasting   | 3 4 5 6 7 8 9 |  9.0
Transmutations | 3 4 5 6 8 |  8.2
Evocations     | 2 3 4 |  4.9

Action                     |  1- 3 |  4- 6 |  7- 9 | 10-12 || total
---------------------------+-------+-------+-------+-------++-------
  Melee: Unarmed           |    52 |   130 |   243 |   217 ||   642
         Kick              |     9 |    22 |    51 |    13 ||    95
         Headbutt          |     7 |    11 |    29 |     8 ||    55
         Tailslap          |     6 |    11 |    23 |     6 ||    46
         Punch             |     1 |     2 |     1 |     3 ||     7
   Cast: Beastly Appendage |    13 |    25 |    20 |    12 ||    70
         Ice Form          |       |     1 |     3 |     4 ||     8
         Spider Form       |       |       |    15 |    17 ||    32
Ability: Lunge             |       |     2 |    22 |    21 ||    45
         Breathe Dispellin |       |       |     1 |     3 ||     4
         Whirlwind         |       |       |     7 |     9 ||    16
         End Transformatio |       |       |     1 |     2 ||     3
    Use: Scroll            |       |     9 |     3 |     6 ||    18
         Potion            |       |     2 |       |     5 ||     7
   Stab: Sleeping          |     1 |       |     1 |     1 ||     3
 Armour: Skin              |    17 |    55 |    54 |    39 ||   165
  Dodge: Dodged            |    37 |    89 |   180 |   119 ||   425
